 Dungeon Sprint DCSS version 0.30.1-11-g7821555f0a (webtiles) character file.

Game seed: 3855265643264934210

16 Groucho the Digger (level 2, -2/15 HPs)
             Began as a Deep Elf Earth Elementalist on Jan 7, 2024.
             Was a Believer of Sif Muna.
             Slain by an orc warrior
             ... wielding a +0 scimitar
              (14 damage)
             ... in the Dungeon (Sprint VII: "The Pits").
             The game lasted 00:04:03 (671 turns).

Groucho the Digger (Deep Elf Earth Elementalist)     Turns: 671, Time: 00:04:03

Health: -2/15      AC:  2    Str:  5    XL:     2   Next: 37%
Magic:  0/8        EV: 12    Int: 19    God:    Sif Muna [**....]
Gold:   0          SH:  0    Dex: 15    Spells: 7/8 levels left

rFire   . . .        h - +2 dagger
rCold   . . .        (no shield)
rNeg    . . .        a - +0 robe
rPois   .            (no helmet)
rElec   .            (no cloak)
rCorr   .            (no gloves)
SInv    .            (no boots)
Will    .....        (no amulet)
Stlth   ++           (no ring)
HPRegen 0.22/turn    (no ring)
MPRegen 0.11/turn

%: no teleportation
@: no status effects
A: no striking features
a: Renounce Religion, Channel Magic


You were in the Dungeon.
You worshipped Sif Muna.
Sif Muna was pleased with you.
You visited 1 branch

Inventory:

Hand Weapons
 h - a +2 dagger (weapon)
Armour
 a - a +0 robe (worn)
Scrolls
 g - a scroll of blinking
Potions
 b - 5 potions of magic
 c - a potion of curing
 e - a potion of haste
 f - 3 potions of berserk rage
 i - 2 potions of invisibility


   Skills:
 - Level 2.4 Dodging
 - Level 2.4 Stealth
 + Level 3.9 Spellcasting
 * Level 2.9 Conjurations
 + Level 2.2 Transmutations
 * Level 4.5 Earth Magic


You had 7 spell levels left.
You knew the following spells:

 Your Spells              Type           Power      Damage    Failure   Level
a - Sandblast             Erth           42%        2d11      2%          1

Your spell library contained the following spells:

 Spells                   Type           Power      Damage    Failure   Level
 Passwall                 Tmut/Erth      13%        N/A       5%          2
 Stone Arrow              Conj/Erth      34%        3d9       9%          3
 Petrify                  Tmut/Erth      16%        N/A       34%         4


Dungeon Overview and Level Annotations

Branches:
Dungeon (1/1)

Altars:
Ashenzari
Cheibriados
Dithmenos
Elyvilon
Fedhas
Gozag
Hepliaklqana
Kikubaaqudgha
Makhleb
Nemelex Xobeh
Okawaru
Qazlal
Ru
Sif Muna
Trog
Uskayaw
Vehumet
Wu Jian
Xom
Yredelemnul
Zin
The Shining One
Jiyva
Lugonu


Message History

Confirm with . or Enter, or press ? or * to list all spells.
Aiming: Sandblast (safe; 2% risk of failure)
Press: ? - help, Shift-Dir - straight line, f - adder skeleton
Aim: an adder skeleton (87% to hit)
The blast of sand hits the adder skeleton!!
You destroy the adder skeleton!
Sif Muna accepts your kill.
Unknown command.
Casting: Sandblast (safe; 2% risk of failure)
Confirm with . or Enter, or press ? or * to list all spells.
Aiming: Sandblast (safe; 2% risk of failure)
Press: ? - help, Shift-Dir - straight line, f - orc warrior
Aim: an orc warrior, wielding a +0 scimitar and wearing a +0 chain mail (81% to hit)
The blast of sand hits the orc warrior but does no damage.
The orc warrior barely misses you.
The orc warrior hits you with a +0 scimitar!
Ouch! That really hurt!
* * * LOW HITPOINT WARNING * * *
Unknown command.
You feel much better.
The orc warrior hits you with a +0 scimitar.
Unknown command.
Casting: Sandblast (safe; 2% risk of failure)
Confirm with . or Enter, or press ? or * to list all spells.
Aiming: Sandblast (safe; 2% risk of failure)
Press: ? - help, Shift-Dir - straight line, f/p - orc warrior
Aim: an orc warrior, wielding a +0 scimitar and wearing a +0 chain mail (81% to hit)
The blast of sand hits the orc warrior.
The orc warrior is lightly wounded.
The orc warrior misses you.
Casting: Sandblast (safe; 2% risk of failure)
Confirm with . or Enter, or press ? or * to list all spells.
Aiming: Sandblast (safe; 2% risk of failure)
Press: ? - help, Shift-Dir - straight line, f/p - orc warrior
Aim: an orc warrior, wielding a +0 scimitar and wearing a +0 chain mail (lightly wounded, 81% to hit)
The blast of sand misses the orc warrior.
The orc warrior hits you with a +0 scimitar.
The orc warrior hits you with a +0 scimitar!
Ouch! That really hurt!
You die...

#_________.# #_________.#
#_______...###########++#
##########'##............
#.?(.')))'.##......#..#..
##########.##............
#...........'............
+#####'#####......#..#..
#..@o.##............
#####'#####'#####++#
#.....##.......#
#.....##.......#
###Z####.......#
#.oZ.g##...<...#
........##.......#
#........##.......#
###########.......#


You could see an orc warrior.

Vanquished Creatures
  2 adder skeletons (D)
  2 orcs (D)
  A bat skeleton (D)
  A goblin (D)
  A ball python (D)
  A ball python zombie (D)
  A frilled lizard (D)
9 creatures vanquished.

Notes
Turn   | Place    | Note
-------+----------+-------------------------------------------
     0 | D        | Groucho the Deep Elf Earth Elementalist began the quest for
                  | the Orb.
     0 | D        | Reached XP level 1. HP: 10/10 MP: 6/6
    61 | D        | Found a glowing golden altar of the Shining One.
    61 | D        | Found a glowing silver altar of Zin.
    61 | D        | Found a basalt altar of Yredelemnul.
    61 | D        | Found a shimmering altar of Xom.
    61 | D        | Found an ornate altar of the Wu Jian Council.
    61 | D        | Found a bloodstained altar of Trog.
    61 | D        | Found a shimmering blue altar of Sif Muna.
    61 | D        | Found a sacrificial altar of Ru.
    61 | D        | Found a stormy altar of Qazlal.
    61 | D        | Found an iron altar of Okawaru.
    61 | D        | Found a sparkling altar of Nemelex Xobeh.
    61 | D        | Found a burning altar of Makhleb.
    61 | D        | Found a viscous altar of Jiyva.
    61 | D        | Found a hazy altar of Hepliaklqana.
    61 | D        | Found an opulent altar of Gozag.
    61 | D        | Found a blossoming altar of Fedhas.
    61 | D        | Found a white marble altar of Elyvilon.
    61 | D        | Found a shadowy altar of Dithmenos.
    61 | D        | Found a snail-covered altar of Cheibriados.
    62 | D        | Found a radiant altar of Vehumet.
    62 | D        | Found a corrupted altar of Lugonu.
    63 | D        | Found an ancient bone altar of Kikubaaqudgha.
    63 | D        | Found a hide-covered altar of Uskayaw.
    63 | D        | Found a broken altar of Ashenzari.
    64 | D        | Became a worshipper of Sif Muna the Loreminder
    80 | D        | Reached skill level 1 in Conjurations
   250 | D        | Reached * piety under Sif Muna
   449 | D        | Noticed an orc warrior
   456 | D        | Reached skill level 4 in Earth Magic
   664 | D        | Reached ** piety under Sif Muna
   665 | D        | Reached XP level 2. HP: 13/15 MP: 5/8
   671 | D        | Slain by an orc warrior

Illustrated notes

Levels and vault maps discovered:
D:        pitsprint [storerooms_1, entrance_room_1, metal_vault_6, armoury_1,
          mini_pit_1, grid_room_1, main_hall_1, silver_pit, the_coven_1,
          the_vestibule_1, steel_vault_1, golden_pit, hallway_of_sentries,
          crystal_vault_2, iron_vault_4, final_vault]

Skill      XL: |  1  2 |
---------------+-------+-----
Conjurations   | 2 |  2.9
Earth Magic    | 4 |  4.5
Transmutations | 2 |  2.2
Dodging        | |  2.4
Stealth        | |  2.4
Spellcasting   | |  3.9

Action                     || total
---------------------------++-------
   Cast: Sandblast         ||    17
    Use: Potion            ||     1
 Armour: Robe              ||     1
  Dodge: Dodged            ||     8
